 Dungeon Crawl Stone Soup version 0.20.1-1-g8b1a95d (webtiles) character file.

193 veneficus the Poker (level 5, -1/38 HPs)
             Began as a Merfolk Skald on Nov 2, 2017.
             Slain by an orc wizard
             ... wielding a +2 dagger of draining
              (4 damage)
             ... on level 3 of the Dungeon.
             The game lasted 00:10:10 (3535 turns).

veneficus the Poker (Merfolk Skald)                 Turns: 3535, Time: 00:10:10

Health: -1/38      AC:  4    Str: 15    XL:     5   Next: 72%
Magic:  4/8        EV: 11    Int: 12    God:
Gold:   136        SH:  3    Dex: 14    Spells: 7/8 levels left

rFire    . . .     SeeInvis .   a - +0 spear
rCold    . . .     Gourm    .   i - +0 buckler
rNeg     . . .     Faith    .   b - +0 leather armour
rPois    .         Spirit   .   (no helmet)
rElec    .         Reflect  .   (no cloak)
rCorr    .         Harm     .   (no gloves)
MR       .....                  s - +0 pair of boots (curse)
Stlth    +.........             (no amulet)
Regen    0.2/turn               u - +3 ring of strength
MPRegen  0.2/turn               (no ring)

@: infused, drained
A: change form in water, swift swim, stealthy swim
a: no special abilities


You were on level 3 of the Dungeon.
You were not hungry.

You visited 1 branch of the dungeon, and saw 4 of its levels.

You collected 136 gold pieces.

Inventory:

Hand Weapons
 a - a +0 spear (weapon)
Armour
 b - a +0 leather armour (worn)
 i - a +0 buckler (worn)
 s - a cursed +0 pair of boots (worn)
 t - a +0 scale mail of fire resistance
Jewellery
 u - a +3 ring of strength (left hand)
Scrolls
 e - 3 scrolls of teleportation {unknown}
 h - 2 scrolls of amnesia {unknown}
 m - a scroll of recharging {unknown}
 n - a scroll of identify {unknown}
 o - 4 scrolls of enchant armour {unknown}
 q - a scroll of random uselessness {unknown}
 x - a scroll of blinking {unknown}
 y - a scroll of remove curse {unknown}
Potions
 f - a potion of heal wounds {unknown}
 g - 3 potions of agility {unknown}
 j - a potion of ambrosia {unknown}
 k - a potion of degeneration {unknown}
 l - 3 potions of might {unknown}
 p - a potion of magic {unknown}
 v - a potion of mutation {unknown}
Books
 c - a book of Battle

   Spells                             Type                      Level
   a - Infusion                       Charms                       1
   b - Shroud of Golubria             Charms/Translocation         2
   c - Song of Slaying                Charms                       2
   d - Spectral Weapon                Hexes/Charms                 3
   e - Regeneration                   Charms/Necromancy            3
Comestibles
 d - 3 bread rations
 r - a meat ration
 w - 2 chunks of flesh


   Skills:
 - Level 2.1(1.7) Fighting
 + Level 6.0(5.5) Polearms
 - Level 0.6(0.1) Armour
 - Level 2.6(2.2) Dodging
 - Level 2.0(1.5) Spellcasting
 + Level 5.4(4.9) Charms


You had 7 spell levels left.
You knew the following spells:

 Your Spells              Type           Power        Failure   Level  Hunger
a - Infusion              Chrm           ##..         8%          1    ##.....


Dungeon Overview and Level Annotations

Branches:
Dungeon (4/15)
 Temple: D:4-7

Altars:
Vehumet


Message History

You kill the orc wizard!
Your Polearms skill increases to level 6!
There is a stone staircase leading down here.
The orc closely misses you.
You climb downwards.
An adder, 3 orcs and an orc wizard come into view.
The orc shouts!
The adder hisses angrily.
The orc shouts! x2
The orc wizard shouts!
There is a stone staircase leading up here.
The adder bites you.
* * * LOW HITPOINT WARNING * * *
The orc misses you. The orc hits you but does no damage.
You climb upwards.
The orc wizard hits you with a dagger of draining.
* * * LOW HITPOINT WARNING * * *
You feel drained.
The orc wizard hits you but does no damage.
You feel drained.
The orc wizard hits you with a dagger of draining.
You die...

#.# #.#
#.# #####
#.# #....
#.# ....#
#o# #.#..
#o# .....
#o# #....
#@# .....
#o# #.##.
#o# # #
#S# #.#
#.#
#.>......
##.....##
..oo..#


You could see an orc wizard, an adder and 4 orcs.

Vanquished Creatures
  An orc wizard (D:3)
  Terence (D:2)
  3 gnolls (D:2)
  3 adders
  3 oozes
  2 worms (D:2)
  A dart slug (D:1)
  3 leopard geckos
  4 orcs (D:3)
  5 giant cockroaches
  3 goblins
  5 hobgoblins
  A quokka (D:3)
  4 ball pythons
  6 bats
  5 frilled lizards
  10 kobolds
  5 rats
65 creatures vanquished.

Notes
Turn   | Place    | Note
-------+----------+-------------------------------------------
     0 | D:1      | veneficus the Merfolk Skald began the quest for the Orb.
     0 | D:1      | Reached XP level 1. HP: 16/16 MP: 3/3
   154 | D:1      | Reached XP level 2. HP: 18/22 MP: 5/5
   577 | D:1      | Reached XP level 3. HP: 27/27 MP: 1/6
   656 | D:1      | Reached skill level 4 in Polearms
  1798 | D:2      | Reached XP level 4. HP: 33/33 MP: 7/7
  1970 | D:2      | Found a radiant altar of Vehumet.
  2008 | D:2      | Noticed Terence
  2021 | D:2      | Killed Terence
  2021 | D:2      | Reached skill level 5 in Polearms
  2452 | D:2      | Reached XP level 5. HP: 32/38 MP: 8/8
  2616 | D:2      | Reached skill level 5 in Charms
  3530 | D:3      | Reached skill level 6 in Polearms
  3535 | D:3      | Slain by an orc wizard

Skill      XL: |  1  2  3  4  5 |
---------------+----------------+-----
Charms         | 4 5 |  5.4
Polearms       | 4 5 6 |  6.0
Fighting       | |  2.1
Armour         | |  0.6
Dodging        | |  2.6
Spellcasting   | |  2.0

Action                   |  1- 3 |  4- 6 || total
-------------------------+-------+-------++-------
Melee: Spear             |   131 |   151 ||   282
 Cast: Infusion          |     9 |     5 ||    14
 Stab: Sleeping          |     1 |       ||     1
       Distracted        |       |     1 ||     1
  Eat: Chunk             |     1 |     6 ||     7
       Royal jelly       |     1 |       ||     1
Armor: Leather armour    |    21 |    32 ||    53
Dodge: Dodged            |    57 |    76 ||   133
Block: Buckler           |    11 |    22 ||    33
